 Dungeon Crawl Stone Soup version 0.19-a0-599-g723c685 (webtiles) character file.

218 namelastname112 the Slasher (level 5, 0/39 HPs)
             Began as a Vampire Gladiator on June 11, 2016.
             Slain by a gnoll
             ... wielding a +2 vampiric spear
              (5 damage)
             ... on level 4 of the Dungeon.
             The game lasted 00:03:53 (1767 turns).

namelastname112 the Slasher (Vampire Gladiator)     Turns: 1767, Time: 00:03:54

Health: 0/39       AC:  8    Str: 15    XL:     5   Next: 63%
Magic:  5/5        EV: 14    Int: 10    God:
Gold:   92         SH:  0    Dex: 15    Spells: 0 memorised, 4 levels left

rFire  . . .     SeeInvis +     a - +0 long sword
rCold  . . .     Gourm    .     m - +1 ring mail {rN+}
rNeg   + . .     Faith    .     (no shield)
rPois  .         Spirit   .     c - +0 helmet
rElec  .         Dismiss  .     (no cloak)
rCorr  .         Reflect  .     f - +0 pair of gloves
SustAt .         Harm     .     (no boots)
MR     .....                    n - amulet of magic regeneration
Stlth  +.........               (no ring)
                                q - +1 ring of evasion

@: regenerating quickly, not resistant to hostile enchantments, very unstealthy
A: fangs 3, see invisible, unbreathing
a: no special abilities


You were on level 4 of the Dungeon.
You were very full.

You visited 1 branch of the dungeon, and saw 4 of its levels.

You collected 92 gold pieces.

Inventory:

Hand Weapons
 a - a +0 long sword (weapon)
 b - a +0 vampiric dagger
Missiles
 d - a throwing net (quivered)
Armour
 c - a +0 helmet (worn)
 f - a +0 pair of gloves (worn)
 m - a +1 ring mail of positive energy (worn)
Jewellery
 n - an amulet of magic regeneration (around neck)
 q - a +1 ring of evasion (left hand)
Scrolls
 h - a scroll of enchant armour {unknown}
 k - a scroll of remove curse {unknown}
 o - 2 scrolls of identify {unknown}
 r - 2 scrolls of teleportation {unknown}
Potions
 e - 4 potions of blood
 g - 3 potions of degeneration {unknown}
 i - a potion of cure mutation {unknown}
 j - a potion of flight {unknown}
 l - a potion of berserk rage {unknown}
 p - 2 potions of curing {unknown}


   Skills:
 + Level 2.7 Fighting
 * Level 4.7 Long Blades
 + Level 2.4 Throwing
 + Level 4.4 Dodging


You had 4 spell levels left.
You didn't know any spells.

Dungeon Overview and Level Annotations

Branches:
Dungeon (4/15)
 Temple: D:4-7

Altars:
Dithmenos
Hepliaklqana
Nemelex Xobeh
Trog

Annotations:
D:3 Shenda's ghost, novice GrFi


Innate Abilities, Weirdness & Mutations

Your natural rate of healing is unusually fast.
You have razor-sharp teeth.
You have supernaturally acute eyesight. (SInv)
You can survive without breathing.


Message History

* * * LOW HITPOINT WARNING * * *
You take 8 damage, and have 3/39 hp.
MASSIVE DAMAGE!!
Press: ? - help, v - describe, . - travel
Here: a gnoll, wielding a vampiric spear The floor.
Unknown command.
You aren't carrying any items that you can evoke.
There is an escape hatch in the ceiling here.
Throwing (i - inventory):
d - 3 throwing nets (quivered)
Press: ? - help, Shift-Dir - straight line, f - gnoll
Aim: a gnoll, wielding a vampiric spear You throw a throwing net.
The throwing net barely misses the gnoll.
Throwing (i - inventory):
d - 2 throwing nets (quivered)
Press: ? - help, Shift-Dir - straight line, f/p - gnoll
Aim: a gnoll, wielding a vampiric spear You throw a throwing net.
The throwing net barely misses the gnoll.
The gnoll hits you from afar with a vampiric spear.
You die...

#........#+##........
#...(.............##.
#..............#####.
#....................
##...................
##....................
#....g#...............
#.....#...............
#....@#...............
#.....#...............
#.....#...............
####### ..............
.....########. .... #.
## #. ##


You could see a gnoll.

Vanquished Creatures
  Terence (D:2)
  A hound skeleton (D:4)
  5 adders
  6 gnolls
  2 worms (D:2)
  A dart slug (D:1)
  A giant gecko (D:4)
  7 orcs
  8 goblins
  6 hobgoblins
  3 jackals (D:3)
  3 quokkas (D:2)
  10 bats
  A giant newt (D:3)
  5 kobolds
  8 rats
68 creatures vanquished.

Notes
Turn   | Place    | Note
--------------------------------------------------------------
     0 | D:1      | namelastname112 the Vampire Gladiator began the quest for the Orb.
     0 | D:1      | Reached XP level 1. HP: 16/16 MP: 1/1
   114 | D:1      | Reached XP level 2. HP: 22/22 MP: 2/2
   650 | D:2      | Noticed Terence
   669 | D:2      | Killed Terence
   669 | D:2      | Reached XP level 3. HP: 19/27 MP: 3/3
   732 | D:2      | Noticed a moth of wrath
   735 | D:2      | Found a bloodstained altar of Trog.
   841 | D:2      | Reached XP level 4. HP: 33/33 MP: 4/4
  1086 | D:2      | Found a sparkling altar of Nemelex Xobeh.
  1153 | D:2      | Found a hazy altar of Hepliaklqana.
  1288 | D:2      | Reached XP level 5. HP: 25/39 MP: 5/5
  1546 | D:3      | Noticed Shenda's ghost (novice GrFi)
  1696 | D:4      | Found a shadowy altar of Dithmenos.
  1767 | D:4      | Slain by a gnoll

Vault maps used:
D:1:      eino_arrival_water_cross, minmay_box_of_dots
D:2:      tgw_trog, marbit_many_paths, lemuel_round_altar, uniq_terence
D:3:      lemuel_doored_altar, uniq_natasha
D:4:      grunt_temple_overflow_order_and_chaos_1, lemuel_round_altar

Skill      XL: |  1  2  3  4 |
---------------+-------------+-----
Fighting       | 2 |  2.7
Throwing       | 2 |  2.4
Long Blades    | 4 |  4.7
Dodging        | 4 |  4.4

Action                   |  1- 3 |  4- 6 || total
-------------------------+-------+-------++-------
Melee: Long sword        |    62 |   143 ||   205
       Bite              |     8 |    20 ||    28
Throw: Throwing net      |     1 |     2 ||     3
 Stab: Sleeping          |     1 |       ||     1
  Eat: Corpse            |     5 |     9 ||    14
Armor: Leather armour    |     7 |       ||     7
       Ring mail         |    12 |    59 ||    71
Dodge: Dodged            |    47 |   121 ||   168
